Map: Dusk Towers

Players

Crush

  • Race: Zerg Zerg

IlllIlllIlll

  • Race: Zerg Zerg
  • League: Gold

황제

  • Race: Zerg Zerg

llllllllllll

  • Race: Zerg Zerg
  • League: Master

VOD

Have the link to the VOD?

Description

Time

  • Played on: Dec. 5, 2015, 2:12 a.m.
  • Length: 3:05
Show
View Real Time Build Order
Export as new Build Order

Crush Zerg 

Build Orders: Hatch First 

Get SALT Encoding   

  12  0:00  Drone  
  13  0:12  Overlord  
  13  0:17  Drone  
  14  0:33  Drone x2  
  16  0:36  Drone  
  17  0:53  Hatchery  
  16  0:58  Drone, Extractor  
  16  1:01  Drone  
  17  1:18  Spawning Pool  
  16  1:24  Drone x2  
  18  1:28  Drone  
  19  1:38  Overlord  
  19  2:05  Queen, Zergling x4  
  19  2:06  Zergling x2  
  19  2:07  Queen  
  26  2:16  Zergling x2  
  26  2:17  Zergling x2  
  27  2:32  Zergling x2  
  27  2:33  Zergling x2  
  28  2:39  Baneling Nest, Zergling x2  
  28  2:40  Zergling x2  
Show
View Real Time Build Order
Export as new Build Order

IlllIlllIlll Zerg 

Build Orders: Pool First 

Get SALT Encoding   

  12  0:01  Drone  
  13  0:10  Drone  
  14  0:15  Extractor  
  14  0:16  Drone  
  14  0:32  Spawning Pool  
  14  0:35  Drone  
  14  0:47  Drone, Extractor  
  15  0:52  Overlord  
  15  1:18  Metabolic Boost, Zergling x2  
  15  1:19  Zergling x4  
  18  1:29  Queen  
  18  1:31  Zergling x2  
  21  1:40  Baneling Nest  
  21  1:43  Zergling x2  
  21  1:51  Zergling x2  
  22  2:04  Extractor  
  22  2:05  Zergling x2  
  23  2:26  Overlord x2  
  22  2:43  Hatchery  
  21  2:46  Zergling x4  
Show
View Real Time Build Order
Export as new Build Order

황제 Zerg 

Build Orders:  

Get SALT Encoding   

Show
View Real Time Build Order
Export as new Build Order

llllllllllll Zerg 

Build Orders:  

Get SALT Encoding   

Tags
 
Add a new tag
Caveats
  • Supply blocks, unpowered buildings, or Contaminate may cause inaccurate times.
  • Supply counts are checked every 10 seconds.